 Dungeon Crawl Stone Soup version 0.27.1 (webtiles) character file.

Game seed: 15505477465582800971

973 ZARRMARR the Chopper (level 7, -3/88 HPs)
             Began as a Palentonga Fighter on Aug 28, 2021.
             Slain by a killer bee (4 damage)
             ... on level 4 of the Dungeon on Aug 29, 2021.
             The game lasted 00:20:29 (5556 turns).

ZARRMARR the Chopper (Palentonga Fighter)           Turns: 5556, Time: 00:20:30

Health: -3/88      AC: 23    Str: 22    XL:     7   Next: 94%
Magic:  7/7        EV:  1    Int:  8    God:
Gold:   132        SH:  9    Dex:  9    Spells: 6/6 levels left

rFire    . . .     SeeInvis +   a - +0 war axe
rCold    . . .     Faith    .   c - +0 kite shield
rNeg     + + +     Spirit   .   (armour currently unavailable)
rPois    +         Reflect  .   (helmet currently unavailable)
rElec    .         Harm     .   (cloak currently unavailable)
rCorr    .         Rampage  .   (gloves currently unavailable)
Will     .....     NoTele   +   (no barding)
Stlth    +.........             (no amulet)
HPRegen  0.24/turn              (no ring)
MPRegen  0.10/turn              (no ring)

@: mighty, lethally poisoned (-3 -> -8), tree-form
A: stationary, stasis, torment immunity, boosted hp, large, rugged brown scales
3, see invisible, (deformed body), (roll 1), (armoured tail), (reflexive curl)
a: no special abilities


You were on level 4 of the Dungeon.
You were a tree.
You visited 1 branch of the dungeon, and saw 5 of its levels.

You collected 132 gold pieces.

Inventory:

Hand Weapons
 a - a +0 war axe (weapon)
 b - a +6 dagger of venom
Missiles
 e - 210 stones
 i - a poisoned dart (quivered)
Armour
 c - a +0 kite shield (worn)
 j - a +0 helmet (melded)
 u - a +0 scale mail of fire resistance (melded)
Magical Staves
 v - a staff of conjuration
Wands
 l - a wand of iceblast (3)
Scrolls
 h - 2 scrolls of immolation
 k - 2 scrolls of enchant weapon {unknown}
 m - a scroll of fog {unknown}
 o - 2 scrolls of amnesia {unknown}
 p - 2 scrolls of noise {unknown}
 q - 2 scrolls of vulnerability {unknown}
 r - a scroll of fear {unknown}
 s - a scroll of teleportation {unknown}


   Skills:
 + Level 5.0 Fighting
 + Level 7.2 Axes
 - Level 2.4 Armour
 + Level 4.3 Shields


You had 6 spell levels left.
You didn't know any spells.
Your spell library contained the following spells:

 Spells                   Type           Power      Damage    Failure   Level
 Slow                     Hex            0%         N/A       87%         2
 Confusing Touch          Hex            0%         N/A       98%         3
 Ozocubu's Armour         Ice            0%         N/A       98%         3
 Vampiric Draining        Necr           0%         2d6       98%         3
 Yara's Violent Unravell  Hex/Tmut       0%         3d3       100%        5
 Ozocubu's Refrigeration  Ice            0%         4d5       100%        7


Dungeon Overview and Level Annotations

Branches:
Dungeon (5/15)
 Temple: D:4-7

Altars:
Dithmenos
Zin
The Shining One


Innate Abilities, Weirdness & Mutations

You are a tree.
Your roots penetrate the ground, keeping you stationary.
You cannot be teleported.
You are immune to unholy pain and torment.
Your maximum health is greatly increased.
Your equipment is partially melded.
(You are completely covered in rugged brown scales. (AC +3, +7% HP))
You have supernaturally acute eyesight. (SInv)
((Armour fits poorly on your strangely shaped body.))
((You can roll at nearby foes to attack.))
((You have a long armoured tail.))
((You curl defensively after being hit.))


Message History

The killer bee is moderately wounded.
You feel very sick. The killer bee barely misses you.
The killer bee stings you but does no damage.
You barely miss the killer bee.
The killer bee is moderately wounded.
You feel less invigorated.
You feel less confused.
You feel very sick. You block the killer bee's attack.
The killer bee stings you but does no damage.
You block the killer bee's attack.
You slash the killer bee!
Your tail-slap misses the killer bee.
The killer bee is almost dead.
You feel sick. The killer bee stings you.
* * * LOW HITPOINT WARNING * * *
You are more poisoned.
The killer bee poisons you!
The killer bee stings you but does no damage.
You closely miss the killer bee.
The killer bee is almost dead.
* * * LOW HITPOINT WARNING * * *
You feel very sick. The killer bee stings you.
* * * LOW HITPOINT WARNING * * *
The killer bee stings you.
* * * LOW HITPOINT WARNING * * *
You turn into a tree.
Your +0 helmet melds into your body.
Your +0 scale mail of fire resistance melds into your body.
You feel less resistant to fire.
Your roots penetrate the ground.
* * * LOW HITPOINT WARNING * * *
You feel sick.
The killer bee stings you but does no damage.
You block the killer bee's attack.
You closely miss the killer bee.
The killer bee is almost dead.
* * * LOW HITPOINT WARNING * * *
You feel very sick. The killer bee stings you.
You die...

)<.#.#....###....####.####.#.####
####......# #.##.# #.# #.#.#### #
##..##.###.##.# #.# #.#..... #
#..##.....##.####.# #.###### #
#..####...........# #.###### #
#..# #.####.###### ##.##)... #
#..# #.# #...# #........ #####..#
#.# #.†.# #.......# .......## #.#
#y♣)# #..##.#.# ........# #.#
##.## #..##.... ..#####.# #.# #.#
#..†..... #.# #.###.####.#
#..##.### #.# #..........#
#..##.# # ..# #.......)..#
#..##.### #.#####.....######
#........ #.......##..# ##.##....
###.######..# #.######


You could see a killer bee.

Vanquished Creatures
  Duvessa (D:5)
  An ogre (D:4)
  A phantom (D:4)
  2 scorpions (D:4)
  Dowan (D:5)
  2 killer bees (D:4)
  A hound (D:4)
  Ijyb (D:2)
  3 iguanas
  Natasha (twice) (D:2)
  2 orc wizards
  A hound skeleton (D:4)
  Robin (D:2)
  4 adders
  5 gnolls
  A worm (D:2)
  4 dart slugs
  12 orcs
  6 ball pythons
  4 bats
  6 endoplasms
  A giant cockroach (D:3)
  20 goblins
  8 hobgoblins
  6 kobolds
  7 quokkas
  5 frilled lizards
  7 rats
115 creatures vanquished.

Notes
Turn   | Place    | Note
-------+----------+-------------------------------------------
     0 | D:1      | ZARRMARR the Palentonga Fighter began the quest for the
                  | Orb.
     0 | D:1      | Reached XP level 1. HP: 19/19 MP: 1/1
    62 | D:1      | Reached XP level 2. HP: 6/25 MP: 2/2
   320 | D:1      | Found a faded altar of an unknown god.
   612 | D:1      | Reached XP level 3. HP: 31/31 MP: 3/3
  1205 | D:2      | Found a glowing golden altar of the Shining One.
  1253 | D:2      | Reached skill level 3 in Axes
  1533 | D:2      | Noticed Robin
  1536 | D:2      | Reached XP level 4. HP: 31/37 MP: 4/4
  1540 | D:2      | Killed Robin
  1755 | D:2      | Noticed Natasha
  1762 | D:2      | Killed Natasha
  1856 | D:2      | Noticed Natasha
  1861 | D:2      | Killed Natasha
  1862 | D:2      | Reached skill level 4 in Axes
  2018 | D:2      | Reached XP level 5. HP: 44/44 MP: 5/5
  2141 | D:2      | Noticed Ijyb
  2163 | D:2      | Killed Ijyb
  2365 | D:3      | Found a shadowy altar of Dithmenos.
  2954 | D:3      | Found a glowing silver altar of Zin.
  3309 | D:4      | Reached XP level 6. HP: 5/51 MP: 6/6
  3716 | D:4      | Reached skill level 5 in Axes
  4532 | D:4      | Reached skill level 6 in Axes
  4532 | D:4      | Gained mutation: You curl defensively after being hit.
                  | [Palentonga growth]
  4532 | D:4      | Reached XP level 7. HP: 49/58 MP: 7/7
  5010 | D:5      | Entered Level 5 of the Dungeon
  5010 | D:5      | Noticed Duvessa
  5010 | D:5      | Noticed Dowan
  5013 | D:5      | Killed Duvessa
  5019 | D:5      | Killed Dowan
  5021 | D:5      | HP: 4/87 [poisoned by Dowan]
  5024 | D:5      | Reached skill level 7 in Axes
  5337 | D:4      | Reached skill level 5 in Fighting
  5555 | D:4      | HP: 4/88 [poisoned by a killer bee]
  5556 | D:4      | HP: 1/88 [poisoned by a killer bee]
  5556 | D:4      | Slain by a killer bee

Illustrated notes

Levels and vault maps discovered:
D:1:      saegor_arrival_simple_b, layout_basic,
          hellmonk_ecumenical_altar_blasted
D:2:      kennysheep_the_goblin_king, layout_rooms, basic_altar, uniq_robin,
          uniq_natasha
D:3:      layout_basic, grunt_dithmenos_smoke, zin_statuary
D:4:      layout_loops_ring
D:5:      layout_cave_pools, uniq_duvessa, uniq_eustachio

Skill      XL: |  1  2  3  4  5  6  7 |
---------------+----------------------+-----
Axes           | 3 4 6 7 |  7.2
Shields        | 3 4 |  4.3
Fighting       | 4 5 |  5.0
Armour         | |  2.4

Action                   |  1- 3 |  4- 6 |  7- 9 || total
-------------------------+-------+-------+-------++-------
Melee: War axe           |    76 |   177 |    46 ||   299
       Tailslap          |     5 |    22 |     4 ||    31
Throw: Stone             |    15 |     7 |     6 ||    28
       Dart              |    31 |   109 |     8 ||   148
 Abil: Rolling Charge    |     4 |     4 |     2 ||    10
  Use: Potion            |       |       |     5 ||     5
Armor: Scale mail        |    37 |    70 |    23 ||   130
       Skin              |       |       |     4 ||     4
Dodge: Dodged            |    15 |    38 |    14 ||    67
Block: Kite shield       |    36 |    91 |    35 ||   162
